 Dungeon Crawl Stone Soup version 0.27-a0-1230-gfc7c993222 (webtiles) character file.

Game seed: 6772537664482757131

254 DasRunzen the Ducker (level 5, -2/45 HPs)
             Began as a Demigod Gladiator on June 8, 2021.
             Slain by an ogre
             ... wielding a +0 giant spiked club
              (10 damage)
             ... on level 4 of the Dungeon.
             The game lasted 00:07:31 (4191 turns).

DasRunzen the Ducker (Demigod Gladiator)            Turns: 4191, Time: 00:07:31

Health: -2/45      AC:  5    Str: 15    XL:     5   Next: 59%
Magic:  10/10      EV: 13    Int: 14    God:
Gold:   185        SH:  0    Dex: 15    Spells: 7/7 levels left

rFire    . . .     SeeInvis .   a - +0 long sword
rCold    . . .     Faith    .   (no shield)
rNeg     . . .     Spirit   .   b - +0 leather armour
rPois    .         Reflect  .   c - +0 helmet
rElec    .         Harm     .   i - +0 cloak
rCorr    .         Rampage  .   (no gloves)
Will     .....                  (no boots)
Stlth    +.........             (no amulet)
HPRegen  0.15/turn              (no ring)
MPRegen  0.12/turn              (no ring)

@: no status effects
A: high mp 1, forlorn
a: no special abilities


You were on level 4 of the Dungeon.
You visited 1 branch of the dungeon, and saw 4 of its levels.

You collected 207 gold pieces.
You spent 22 gold pieces at shops.

Inventory:

Hand Weapons
 a - a +0 long sword (weapon)
Missiles
 d - 3 throwing nets (quivered)
Armour
 b - a +0 leather armour (worn)
 c - a +0 helmet (worn)
 i - a +0 cloak (worn)
Jewellery
 f - a ring of ice
 g - a ring of willpower
 l - a +4 ring of protection
Scrolls
 e - 7 scrolls of teleportation
 n - 2 scrolls of identify
 s - a scroll of enchant weapon {unknown}
Potions
 h - a potion of curing {unknown}
 j - a potion of attraction {unknown}
 k - 3 potions of flight
 m - a potion of heal wounds
 o - a potion of degeneration {unknown}
 p - a potion of might {unknown}
 q - a potion of mutation {unknown}
 r - a potion of ambrosia


   Skills:
 + Level 3.0 Fighting
 + Level 3.6 Long Blades
 - Level 1.7 Throwing
 + Level 2.1 Armour
 + Level 3.6 Dodging
 + Level 1.8 Spellcasting


You had 7 spell levels left.
You didn't know any spells.
Your spell library contained the following spells:

 Spells                   Type           Power      Damage    Failure   Level
 Summon Lightning Spire   Summ/Air       1%         N/A       96%         4
 Silence                  Hex/Air        0%         N/A       100%        5
 Conjure Ball Lightning   Conj/Air       0%         3x3d6     100%        6
 Tornado                  Air            0%         N/A       100%        9


Dungeon Overview and Level Annotations

Branches:
Dungeon (4/15)
 Temple: D:4-7

Shops:
D:3 *


Innate Abilities, Weirdness & Mutations

Your attributes grow dramatically as you level up.
You have an increased reservoir of magic. (+10% MP)
You shall have no god before yourself.


Message History

e - 7 scrolls of teleportation (gained 1)
p - a fizzy brown potion
q - a ruby potion
Found a robe.
n - 2 scrolls of identify (gained 1)
You now have 172 gold pieces (gained 6).
Found 19 poisoned darts.
r - a potion of ambrosia
Found a falchion.
You see here a +0 falchion.
s - a scroll labelled FOPERPHICRO
Found a stone staircase leading up.
There is a stone staircase leading up here.
There is a stone staircase leading up here.
You see here a +0 falchion.
You pick up a book of the Sky and begin reading...
You add the spells Summon Lightning Spire, Silence, Conjure Ball Lightning and Tornado to your library.
You now have enough gold to buy a +1 pair of boots of rampaging on D:3.
You can access your shopping list by pressing '$'.
You now have 185 gold pieces (gained 13).
An ogre comes into view. It is wielding a +0 giant spiked club.
The ogre shouts!
The ogre moves out of view.
Okay, then.
An ogre is nearby!
There is an escape hatch in the ceiling here.
You slash the ogre!
The ogre is moderately wounded.
The ogre hits you with a +0 giant spiked club!!
Ouch! That really hurt!
You are too injured to fight recklessly!
You are too injured to fight recklessly!
You hit the ogre.
The ogre is heavily wounded.
The ogre hits you with a +0 giant spiked club!
* * * LOW HITPOINT WARNING * * *
You closely miss the ogre.
The ogre is heavily wounded.
The ogre hits you with a +0 giant spiked club!
You die...

##.## #..#..# ....
##...## #..##..
...####.....####..####
.................#
..#####.........# #.#
#.######### #..
#.##......# #O##
#.##......####
..###.@###.##......##..
......[...#.##......##..
..........#.##......##..
....................##..
.####.........รท.....##..
#...............##.^
#...................
#.....(.............
#...................


You could see an ogre.

Vanquished Creatures
  A centaur (D:4)
  A bullfrog zombie (D:3)
  6 adders
  2 worms
  2 dart slugs
  3 orcs
  11 endoplasms
  4 giant cockroaches
  6 goblins
  9 hobgoblins
  6 jackals
  4 quokkas
  4 ball pythons
  4 bats
  4 frilled lizards
  4 kobolds
  3 rats
74 creatures vanquished.

Notes
Turn   | Place    | Note
-------+----------+-------------------------------------------
     0 | D:1      | DasRunzen the Demigod Gladiator began the quest for the
                  | Orb.
     0 | D:1      | Reached XP level 1. HP: 17/17 MP: 3/3
   896 | D:1      | Reached XP level 2. HP: 24/24 MP: 4/4
  1373 | D:2      | Reached skill level 1 in Armour
  1373 | D:2      | Reached XP level 3. HP: 27/29 MP: 6/6
  2053 | D:2      | Reached skill level 1 in Spellcasting
  2482 | D:3      | Found Edage's General Store.
  2487 | D:3      | Bought a scroll of identify for 22 gold pieces
  2497 | D:3      | Reached XP level 4. HP: 37/37 MP: 8/8
  3606 | D:4      | Noticed a centaur
  3637 | D:4      | Killed a centaur
  3638 | D:4      | Reached XP level 5. HP: 14/44 MP: 8/10
  4184 | D:4      | Noticed an ogre
  4191 | D:4      | Slain by an ogre

Illustrated notes

Levels and vault maps discovered:
D:1:      ncdulo_smallfort, layout_basic
D:2:      layout_loops_ring, basic_ecumenical_altar, basic_altar
D:3:      layout_basic, serial_shops, shop, hangedman_decor_points,
          minmay_diced_spiral
D:4:      cheibrodos_barr_body, layout_basic, lemuel_crystal_altar,
          minmay_small_thing

Skill      XL: |  1  2  3  4  5 |
---------------+----------------+-----
Fighting       | 2 3 |  3.0
Long Blades    | 3 |  3.6
Armour         | 1 2 |  2.1
Dodging        | 3 |  3.6
Spellcasting   | 1 |  1.8
Throwing       | |  1.7

Action                   |  1- 3 |  4- 6 || total
-------------------------+-------+-------++-------
Melee: Long sword        |   123 |   110 ||   233
  Use: Scroll            |     5 |     2 ||     7
       Potion            |     2 |       ||     2
 Stab: Sleeping          |     1 |     4 ||     5
Armor: Leather armour    |    35 |    40 ||    75
Dodge: Dodged            |    97 |   100 ||   197
       Rpst.: Long sword |    28 |    32 ||    60

Table legend: (Time is in decaauts)
 A = Elapsed time spent in this place.
 B = Non-inter-level travel time spent in this place.
 C = Inter-level travel time spent in this place.
 D = Time resting spent in this place.
 E = Time spent auto-exploring this place.
 F = Levels seen in this place.
 G = Mean time per level.
                   A        B        C        D        E       F      G
               +--------+--------+--------+--------+--------+-----+--------+
         Total |   4248 |   4174 |     74 |    398 |   3244 |   4 | 1062.0 |
       Dungeon |   4248 |   4174 |     74 |    398 |   3244 |   4 | 1062.0 |
               +--------+--------+--------+--------+--------+-----+--------+

Top non-repeatable levels by time:
     D:3: 1345 daAuts
     D:2: 1258 daAuts
     D:1: 992 daAuts
     D:4: 652 daAuts
